3L
NEW ORLEANS VOODOO @ HOUSTON 1837 BBC
08/19/2031
 
TOP OF THE 1ST
New Orleans Voodoo batting - Pitching for Houston 1837 BBC : LHP Roy Alsobrook
Pitching: LHP Roy Alsobrook
Batting: RHB Rafael Arredondo 0-0: Ball
1-0: Called Strike
1-1: Swinging Strike
1-2: Strikes out looking
Batting: RHB Orlando Velásquez 0-0: Bunt missed!
0-1: Swinging Strike
0-2: Strikes out swinging
Batting: RHB António Pérez 0-0: TRIPLE (Flyball, 9D)
Batting: RHB Griffin Woodfinlevine 0-0: Called Strike
0-1: Called Strike
0-2: Ball
1-2: Ball
2-2: Strikes out looking
Top of the 1st over - 0 runs, 1 hit, 0 errors, 1 left on base; New Orleans 0 - Houston 0
BOTTOM OF THE 1ST
Houston 1837 BBC batting - Pitching for New Orleans Voodoo : LHP Fernando Padilla
Pitching: LHP Fernando Padilla
Batting: RHB Juan Chávez 0-0: Swinging Strike
0-1: Called Strike
0-2: Ball
1-2: Ball
2-2: Ball
3-2: Foul Ball, location: 2F
3-2: Foul Ball, location: 2F
3-2: Ground out 4-3 (Groundball, 4S)
Batting: SHB Nobuhisa Hatoyama 0-0: Ball
1-0: Called Strike
1-1: Ground out 1-3 (Groundball, 15)
Batting: RHB Bob Dickerson 0-0: Ball
1-0: Called Strike
1-1: Ground out 4-3 (Groundball, 4S)
Bottom of the 1st over - 0 runs, 0 hits, 0 errors, 0 left on base; New Orleans 0 - Houston 0
TOP OF THE 2ND
New Orleans Voodoo batting - Pitching for Houston 1837 BBC : LHP Roy Alsobrook
Batting: LHB Mario Nieves 0-0: Swinging Strike
0-1: Ball
1-1: Foul Ball, location: 2F
1-2: Strikes out swinging
Batting: RHB Arnold Giroux 0-0: Ball
1-0: Called Strike
1-1: Foul Ball, location: 2F
1-2: Ground out 5-3 (Groundball, 56S)
Batting: RHB Claudio Tappen 0-0: SINGLE (Groundball, 4MD)
Batting: RHB Apu Nahasapeemapetilon 0-0: Called Strike
0-1: Ball
1-1: Ball
2-1: Fly out, F7 (Flyball, 78S)
Top of the 2nd over - 0 runs, 1 hit, 0 errors, 1 left on base; New Orleans 0 - Houston 0
BOTTOM OF THE 2ND
Houston 1837 BBC batting - Pitching for New Orleans Voodoo : LHP Fernando Padilla
Batting: RHB Phil Sherman 0-0: Called Strike
0-1: Hit by Pitch
Batting: RHB Bernardo Herrera 0-0: Ball
1-0: Foul Ball, location: 2F
1-1: Ball
2-1: Ground out 5-3 (Groundball, 56S)
Phil Sherman to second
Batting: RHB Xavier Pérez 0-0: Called Strike
0-1: Ball
1-1: Ball
2-1: Ball
3-1: Foul Ball, location: 2F
3-2: Fly out, F7 (Flyball, 7LM)
Batting: RHB Lionel McCloud 0-0: Ball
1-0: Ball
2-0: Foul Ball, location: 2F
2-1: Called Strike
2-2: Ground out 6-3 (Groundball, 6)
Bottom of the 2nd over - 0 runs, 0 hits, 0 errors, 1 left on base; New Orleans 0 - Houston 0
TOP OF THE 3RD
New Orleans Voodoo batting - Pitching for Houston 1837 BBC : LHP Roy Alsobrook
Batting: RHB José Paz 0-0: Called Strike
0-1: Foul Ball, location: 2F
0-2: Ball
1-2: Ground out 6-3 (Groundball, 56)
Batting: RHB Rafael Arredondo 0-0: Ground out 5-3 (Groundball, 25)
Batting: RHB Orlando Velásquez 0-0: Ball
1-0: Called Strike
1-1: Called Strike
1-2: Ball
2-2: Ball
3-2: Fly out, F4 (Line Drive, 4)
Top of the 3rd over - 0 runs, 0 hits, 0 errors, 0 left on base; New Orleans 0 - Houston 0
BOTTOM OF THE 3RD
Houston 1837 BBC batting - Pitching for New Orleans Voodoo : LHP Fernando Padilla
Batting: RHB Komotay Koffie 0-0: Ball
1-0: Foul Ball, location: 2F
1-1: SINGLE (Line Drive, 78M)
Batting: RHB Kenny Fleming 0-0: Called Strike
0-1: Foul Ball, location: 2F
0-2: Ball
1-2: Strikes out swinging
Batting: RHB Juan Chávez 0-0: Called Strike
0-1: Ball
1-1: Ball
2-1: Ball
3-1: Called Strike
3-2: Foul Ball, location: 2F
3-2: Ground out 6-3 (Groundball, 6)
Komotay Koffie to second
Batting: SHB Nobuhisa Hatoyama 0-0: Ball
1-0: Ball
2-0: Swinging Strike
2-1: Fly out, F7 (Line Drive, 78S)
Bottom of the 3rd over - 0 runs, 1 hit, 0 errors, 1 left on base; New Orleans 0 - Houston 0
TOP OF THE 4TH
New Orleans Voodoo batting - Pitching for Houston 1837 BBC : LHP Roy Alsobrook
Batting: RHB António Pérez 0-0: Ball
1-0: Ball
2-0: SINGLE (Groundball, 4D)
Batting: RHB Griffin Woodfinlevine 0-0: Called Strike
0-1: Ball
1-1: 2-RUN HOME RUN (Flyball, 7LD), Distance : 378 ft
Batting: LHB Mario Nieves 0-0: Called Strike
0-1: Foul Ball, location: 2F
0-2: Strikes out swinging
Batting: RHB Arnold Giroux 0-0: Called Strike
0-1: Ball
1-1: Ball
2-1: Swinging Strike
2-2: Ball
3-2: Strikes out swinging, 2-3 out at first.
Batting: RHB Claudio Tappen 0-0: Called Strike
0-1: Foul Ball, location: 2F
0-2: Ball
1-2: Ball
2-2: Foul Ball, location: 2F
2-2: Foul Ball, location: 2F
2-2: Fly out, F9 (Flyball, 9)
Top of the 4th over - 2 runs, 2 hits, 0 errors, 0 left on base; New Orleans 2 - Houston 0
BOTTOM OF THE 4TH
Houston 1837 BBC batting - Pitching for New Orleans Voodoo : LHP Fernando Padilla
Batting: RHB Bob Dickerson 0-0: Ball
1-0: Ball
2-0: Called Strike
2-1: Reached on error, E5 (Groundball, 56S)
Batting: RHB Phil Sherman 0-0: Called Strike
0-1: Ball
1-1: Called Strike
1-2: Strikes out looking
Batting: RHB Bernardo Herrera 0-0: Ball
1-0: Ball
2-0: Ball
3-0: Called Strike
3-1: Grounds into double play, 5-4-3 (Groundball, 56)
Bottom of the 4th over - 0 runs, 0 hits, 1 error, 0 left on base; New Orleans 2 - Houston 0
TOP OF THE 5TH
New Orleans Voodoo batting - Pitching for Houston 1837 BBC : LHP Roy Alsobrook
Batting: RHB Apu Nahasapeemapetilon 0-0: Fly out, F8 (Flyball, 8RXD)
Batting: RHB José Paz 0-0: Ball
1-0: Foul Ball, location: 2F
1-1: Foul Ball, location: 2F
1-2: Strikes out looking
Batting: RHB Rafael Arredondo 0-0: Ball
1-0: Fly out, F7 (Line Drive, 7S)
Top of the 5th over - 0 runs, 0 hits, 0 errors, 0 left on base; New Orleans 2 - Houston 0
BOTTOM OF THE 5TH
Houston 1837 BBC batting - Pitching for New Orleans Voodoo : LHP Fernando Padilla
Batting: RHB Xavier Pérez 0-0: Ball
1-0: Called Strike
1-1: Fly out, F5 (Popup, 5L)
Batting: RHB Lionel McCloud 0-0: Fly out, F7 (Flyball, 7LM)
Batting: RHB Komotay Koffie 0-0: Called Strike
0-1: Ball
1-1: Ball
2-1: Ball
3-1: Ground out 5-3 (Groundball, 56)
Bottom of the 5th over - 0 runs, 0 hits, 0 errors, 0 left on base; New Orleans 2 - Houston 0
TOP OF THE 6TH
New Orleans Voodoo batting - Pitching for Houston 1837 BBC : LHP Roy Alsobrook
Batting: RHB Orlando Velásquez 0-0: Bunt missed!
0-1: Ball
1-1: Ball
2-1: Called Strike
2-2: Ball
3-2: Foul Ball, location: 2F
3-2: Foul Ball, location: 2F
3-2: SINGLE (Groundball, 2L) (infield hit)
Batting: RHB António Pérez 0-0: Ball
1-0: Ball
2-0: Fly out, F4 (Line Drive, 4)
Batting: RHB Griffin Woodfinlevine 0-0: Ball
1-0: Foul Ball, location: 2F
1-1: Foul Ball, location: 2F
1-2: Ball
2-2: Foul Ball, location: 2F
2-2: Fly out, F1 (Line Drive, 15)
Batting: LHB Mario Nieves 0-0: SINGLE (Groundball, 4MD)
Orlando Velásquez to second
Batting: RHB Arnold Giroux 0-0: Ball
1-0: Ball
2-0: Called Strike
2-1: Ball
3-1: Called Strike
3-2: Strikes out swinging
Top of the 6th over - 0 runs, 2 hits, 0 errors, 2 left on base; New Orleans 2 - Houston 0
BOTTOM OF THE 6TH
Houston 1837 BBC batting - Pitching for New Orleans Voodoo : LHP Fernando Padilla
Batting: RHB Kenny Fleming 0-0: Foul Ball, location: 2F
0-1: Foul Ball, location: 2F
0-2: Foul Ball, location: 2F
0-2: Ball
1-2: Foul Ball, location: 2F
1-2: Fly out, F8 (Flyball, 89D)
Batting: RHB Juan Chávez 0-0: Called Strike
0-1: Called Strike
0-2: Ball
1-2: Strikes out swinging
Batting: SHB Nobuhisa Hatoyama 0-0: Called Strike
0-1: Ground out 6-3 (Groundball, 6)
Bottom of the 6th over - 0 runs, 0 hits, 0 errors, 0 left on base; New Orleans 2 - Houston 0
TOP OF THE 7TH
New Orleans Voodoo batting - Pitching for Houston 1837 BBC : LHP Roy Alsobrook
Pitching: RHP Jon Briddon
Batting: RHB Claudio Tappen 0-0: SINGLE (Groundball, 25) (infield hit)
Batting: RHB Apu Nahasapeemapetilon 0-0: Called Strike
Claudio Tappen steals 2nd base
0-1: Foul Ball, location: 2F
0-2: Strikes out swinging
Batting: RHB José Paz 0-0: Called Strike
Claudio Tappen steals 3rd base
0-1: Foul Ball, location: 2F
0-2: Ball
1-2: Strikes out swinging
Batting: RHB Rafael Arredondo 0-0: Swinging Strike
0-1: Ball
1-1: Called Strike
1-2: Foul Ball, location: 2F
1-2: Ball
2-2: Ball
3-2: Fly out, F7 (Line Drive, 7D)
Top of the 7th over - 0 runs, 1 hit, 0 errors, 1 left on base; New Orleans 2 - Houston 0
BOTTOM OF THE 7TH
Houston 1837 BBC batting - Pitching for New Orleans Voodoo : LHP Fernando Padilla
Batting: RHB Bob Dickerson 0-0: Called Strike
0-1: Foul Ball, location: 2F
0-2: Fly out, F8 (Flyball, 8RS)
Batting: RHB Phil Sherman 0-0: Ball
1-0: Foul Ball, location: 2F
1-1: Ground out 5-3 (Groundball, 56)
Batting: RHB Bernardo Herrera 0-0: Ball
1-0: Foul Ball, location: 2F
1-1: Ball
2-1: Ground out 6-3 (Groundball, 6)
Bottom of the 7th over - 0 runs, 0 hits, 0 errors, 0 left on base; New Orleans 2 - Houston 0
TOP OF THE 8TH
New Orleans Voodoo batting - Pitching for Houston 1837 BBC : RHP Jon Briddon
Batting: RHB Orlando Velásquez 0-0: Foul Ball, location: 2F
0-1: Ball
1-1: Ball
2-1: Foul Ball, location: 2F
2-2: Strikes out looking
Batting: RHB António Pérez 0-0: Called Strike
0-1: Swinging Strike
0-2: Ball
1-2: Ball
2-2: Strikes out swinging
Batting: RHB Griffin Woodfinlevine 0-0: Ball
1-0: Foul Ball, location: 2F
1-1: DOUBLE (Groundball, 5L)
Batting: LHB Mario Nieves 0-0: Ball
1-0: Ball
2-0: Ball
3-0: Base on Balls
Batting: RHB Arnold Giroux 0-0: Ball
1-0: Ball
2-0: Ball
3-0: Base on Balls
Griffin Woodfinlevine to third
Mario Nieves to second
Batting: RHB Claudio Tappen 0-0: Ball
1-0: Ball
2-0: Foul Ball, location: 2F
2-1: Called Strike
2-2: Ball
3-2: Strikes out swinging
Top of the 8th over - 0 runs, 1 hit, 0 errors, 3 left on base; New Orleans 2 - Houston 0
BOTTOM OF THE 8TH
Houston 1837 BBC batting - Pitching for New Orleans Voodoo : LHP Fernando Padilla
Batting: RHB Xavier Pérez 0-0: Swinging Strike
0-1: Ball
1-1: Ball
2-1: Ball
3-1: Swinging Strike
3-2: Strikes out swinging
Batting: RHB Lionel McCloud 0-0: Ball
1-0: Fly out, F7 (Flyball, 7)
Batting: RHB Komotay Koffie 0-0: Ball
1-0: Ball
2-0: Ball
3-0: Called Strike
3-1: Foul Ball, location: 2F
3-2: Ground out 4-3 (Groundball, 4)
Bottom of the 8th over - 0 runs, 0 hits, 0 errors, 0 left on base; New Orleans 2 - Houston 0
TOP OF THE 9TH
New Orleans Voodoo batting - Pitching for Houston 1837 BBC : RHP Jon Briddon
Pitching: RHP Pedro Valdéz
Batting: RHB Apu Nahasapeemapetilon 0-0: Swinging Strike
0-1: Foul Ball, location: 2F
0-2: Strikes out swinging
Batting: RHB José Paz 0-0: Swinging Strike
0-1: Called Strike
0-2: Ball
1-2: Strikes out looking
Batting: RHB Rafael Arredondo 0-0: Swinging Strike
0-1: Ball
1-1: Ball
2-1: Foul Ball, location: 2F
2-2: Strikes out swinging
Top of the 9th over - 0 runs, 0 hits, 0 errors, 0 left on base; New Orleans 2 - Houston 0
BOTTOM OF THE 9TH
Houston 1837 BBC batting - Pitching for New Orleans Voodoo : LHP Fernando Padilla
Pitching: RHP Quintiliano Seixal
Batting: RHB Kenny Fleming 0-0: Called Strike
0-1: Foul Ball, location: 2F
0-2: Ball
1-2: Strikes out looking
Batting: RHB Juan Chávez 0-0: Ball
1-0: Foul Ball, location: 2F
1-1: Ground out 5-3 (Groundball, 56)
Batting: SHB Nobuhisa Hatoyama 0-0: Ball
1-0: Ball
2-0: Foul Ball, location: 2F
2-1: Foul Ball, location: 2F
2-2: Foul Ball, location: 2F
2-2: Foul Ball, location: 2F
2-2: Foul Ball, location: 2F
2-2: Hit by Pitch
Batting: RHB Bob Dickerson 0-0: Ball
1-0: Fly out, F7 (Flyball, 7LS)
Bottom of the 9th over - 0 runs, 0 hits, 0 errors, 1 left on base; New Orleans 2 - Houston 0
Tuesday, June 12th, 2018 - OOTP Baseball 18.8 Build 76